 Dungeon Sprint DCSS version 0.30-a0-596-g0af90f9a20 (webtiles) character file.

Game seed: 10178954356227460233

83 rocky1 the Geomancer (level 4, 0/24 HPs)
             Began as a Deep Elf Earth Elementalist on Jan 7, 2023.
             Slain by a water elemental (12 damage)
             ... in the Dungeon (Sprint III: "The Ten Rune Challenge").
             The game lasted 00:00:48 (209 turns).

rocky1 the Geomancer (Deep Elf Earth Elementalist)   Turns: 209, Time: 00:00:49

Health: 0/24       AC:  2    Str:  5    XL:     4   Next: 22%
Magic:  13/14      EV: 12    Int: 22    God:
Gold:   21         SH:  0    Dex: 15    Spells: 15/16 levels left

rFire   . . .      SeeInvis .    (no weapon)
rCold   . . .      Faith    .    (no shield)
rNeg    . . .      Spirit   .    a - +0 robe
rPois   .          Reflect  .    (no helmet)
rElec   .          Harm     .    (no cloak)
rCorr   .          Rampage  .    (no gloves)
Will    .....      NoTele   +    (no boots)
Stlth   ++                       (no amulet)
HPRegen 0.24/turn                (no ring)
MPRegen 0.14/turn                (no ring)

@: engulfed (cannot breathe)
A: no striking features
a: no special abilities


You were in the Dungeon.
You visited 1 branch You collected 21 gold pieces.

Inventory:

Armour
 a - a +0 robe (worn)
Scrolls
 g - a scroll of blinking
 i - a scroll of immolation {unknown}
 j - 3 scrolls of identify
 l - a scroll of torment {unknown}
Potions
 b - 3 potions of magic
 c - a potion of curing
 d - 2 potions of heal wounds
 e - 2 potions of haste
 f - a potion of berserk rage
 h - 3 potions of mutation {unknown}
 k - a potion of degeneration {unknown}
 m - 2 potions of flight


   Skills:
 - Level 2.4 Dodging
 - Level 2.4 Stealth
 + Level 6.9 Spellcasting
 - Level 1.1 Transmutations
 * Level 8.2 Earth Magic


You had 15 spell levels left.
You knew the following spells:

 Your Spells              Type           Power      Damage    Failure   Level
a - Sandblast             Erth           86%        2d18      1%          1

Your spell library contained the following spells:

 Spells                   Type           Power      Damage    Failure   Level
 Passwall                 Tmut/Erth      23%        N/A       1%          2
 Stone Arrow              Conj/Erth      50%        3d10      4%          3
 Petrify                  Tmut/Erth      28%        N/A       12%         4


Dungeon Overview and Level Annotations

Branches:
Dungeon (1/1)

Altars:


Message History

Your Spellcasting skill increases to level 6!
Your Earth Magic skill gained 3 levels and is now at level 8!
You have reached level 3!
Your experience leads to an increase in your attributes!
Increase (S)trength, (I)ntelligence, or (D)exterity?
You feel clever. x2
You have reached level 4!
You feel clever.
You see here a scorpion corpse.
You open the door.
Found 18 gold pieces and 2 pink potions.
There is an open door here.
You now have 16 gold pieces (gained 13).
h - a pink potion;
i - a scroll labelled RYN QAPHYE;
j - 2 scrolls of identify
h - 2 pink potions (gained 1);
k - a fuming clear potion
h - 3 pink potions (gained 1);
l - a scroll labelled HIVUGU REIX
j - 3 scrolls of identify (gained 1);
d - 2 potions of heal wounds (gained 1)
m - 2 potions of flight You now have 21 gold pieces (gained 5).
There is an open door here.
You start resting.
Magic restored.
You enter the shallow water.
Moving in this stuff is going to be slow.
You open the door.
A water elemental comes into view.
Aiming: Sandblast (safe; 1% risk of failure)
Press: ? - help, Q - select action Shift-Dir - straight line, f - water elemental
Aim: a water elemental (91% to hit)
The blast of sand hits the water elemental!
The water elemental is heavily damaged.
The water elemental hits you!
Ouch! That really hurt!
The water elemental engulfs you in water!
You cannot cast spells while unable to breathe!
You slip free of the water engulfing you.
The water elemental attacks as you move away!
The water elemental hits you!
Ouch! That really hurt!
You die...

▓▓▓▓▓▓▓▓▓▓▓▓ ▓▓▓
<.#..'...♣.♣♣ ♣.#
..#..#......♣ ♣.#
#'####....♣♣♣ ♣.#
.....#....~♣♣♣♣♣.# #+#+#
.....#...~~.♣♣.♣.#......
.....#..~~~~♣♣.♣@E.⌠....
####'#†.~≈≈~~~♣..#...###
..†..#.~~≈~~~....# ⌠.#
.....#.~≈~~~.....# .#
.....#.~~~.......# #
'#####...........#
.................#
▓▓▓▓▓▓▓▓▓▓▓▓▓▓▓▓▓▓


You could see a water elemental.

Vanquished Creatures
  A scorpion (D)
  A human (D)
  2 endoplasms (D)
  2 rats (D)
6 creatures vanquished.

Notes
Turn   | Place    | Note
-------+----------+-------------------------------------------
     0 | D        | rocky1 the Deep Elf Earth Elementalist began the quest for
                  | the Orb.
     0 | D        | Reached XP level 1. HP: 10/10 MP: 6/6
     4 | D        | Reached skill level 4 in Earth Magic
    91 | D        | Reached skill level 5 in Spellcasting
    91 | D        | Reached skill level 5 in Earth Magic
    91 | D        | Reached XP level 2. HP: 15/15 MP: 3/10
   150 | D        | Noticed a scorpion
   154 | D        | Killed a scorpion
   155 | D        | Reached skill level 8 in Earth Magic
   155 | D        | Reached XP level 3. HP: 19/19 MP: 8/13
   155 | D        | Reached XP level 4. HP: 24/24 MP: 8/14
   207 | D        | Noticed a water elemental
   209 | D        | Slain by a water elemental

Illustrated notes

Levels and vault maps discovered:
D:        dungeon_sprint_mu [sprint_mu_entry_forest, sprint_mu_temple_rooms,
          sprint_mu_d1_horrors, sprint_mu_d2_genie, sprint_mu_d3_branching,
          sprint_mu_orc_legion, sprint_mu_elf_gauntlet, sprint_mu_hive_nellie,
          sprint_mu_lair_fedhas, sprint_mu_vaults_butterflies,
          sprint_mu_slime_circle, sprint_mu_shoals_kraken,
          sprint_mu_snake_twists, sprint_mu_blade_basic,
          sprint_mu_crypt_fortress, sprint_mu_tomb_spiral,
          sprint_mu_vestibule_basic, sprint_mu_gehenna_hellfire,
          sprint_mu_dis_giant, sprint_mu_tartarus_statrot,
          sprint_mu_cocytus_islands, sprint_mu_zot1]

Skill      XL: |  1  2 |
---------------+-------+-----
Earth Magic    | 5 8 |  8.2
Spellcasting   | 5 6 |  6.9
Dodging        | |  2.4
Stealth        | |  2.4
Transmutations | |  1.1

Action                   |  1- 3 |  4- 6 || total
-------------------------+-------+-------++-------
 Cast: Sandblast         |    11 |     1 ||    12
Armor: Robe              |     1 |       ||     1

Table legend: (Time is in decaauts)
 A = Elapsed time spent in this place.
 B = Non-inter-level travel time spent in this place.
 C = Inter-level travel time spent in this place.
 D = Time resting spent in this place.
 E = Time spent auto-exploring this place.
 F = Levels seen in this place.
 G = Mean time per level.
                   A        B        C        D        E       F      G
               +--------+--------+--------+--------+--------+-----+--------+
         Total |    217 |    217 |      0 |     90 |     57 |   1 |  217.0 |
       Dungeon |    217 |    217 |      0 |     90 |     57 |   1 |  217.0 |
               +--------+--------+--------+--------+--------+-----+--------+

Top non-repeatable levels by time:
       D: 217 daAuts
